 Dungeon Crawl Stone Soup version 0.16.0-12-g7215832 (webtiles) character file.

414 Fluffy the Slasher (level 7, -1/52 HPs)
             Began as a Formicid Fighter on Mar 18, 2015.
             Slain by a river rat (7 damage)
             ... summoned by Eustachio
             ... on level 4 of the Dungeon.
             The game lasted 00:08:18 (3604 turns).

Fluffy the Slasher (Formicid Fighter)               Turns: 3604, Time: 00:08:18

Health: -1/52      AC:  6    Str: 25      XL:     7   Next: 14%
Magic:  9/9        EV:  8    Int: 10      God:
Gold:   152        SH:  9    Dex:  6 (12) Spells: 0 memorised, 6 levels left

rFire  . . .     SeeInvis +     a - +0 long sword
rCold  . . .     Clarity  .     b - +0 scale mail
rNeg   . . .     SustAb   .     c - +0 shield
rPois  .         Gourm    .     (helmet unavailable)
rElec  .         Spirit   .     (no cloak)
rCorr  .         Warding  .     (no gloves)
rMut   .         Stasis   +     (no boots)
MR     .....                    (no amulet)
Stlth  ..........               u - +2 ring of intelligence
                                (no ring)

@: mighty, very slightly contaminated, invisible, not resistant to hostile
enchantments, extremely unstealthy
A: permanent stasis, dig shafts and tunnels, four strong arms, antennae 3
a: Dig, Shaft Self


You were on level 4 of the Dungeon.
You were not hungry.

You visited 1 branch of the dungeon, and saw 4 of its levels.

You collected 152 gold pieces.

Inventory:

Hand weapons
 a - a +0 long sword (weapon)
Armour
 b - a +0 scale mail (worn)
 c - a +0 shield (worn)
Jewellery
 u - a +2 ring of intelligence (right hand)
Magical devices
 m - a wand of slowing (5)
Scrolls
 f - 2 scrolls of teleportation {unknown}
 h - 4 scrolls of remove curse {unknown}
 i - a scroll of recharging {unknown}
 k - a scroll of magic mapping {unknown}
 p - a scroll of noise {unknown}
 v - a scroll of fear {unknown}
Potions
 e - a potion of might
 g - 2 potions of heal wounds {unknown}
 n - 2 potions of ambrosia {unknown}
 q - 2 potions of degeneration {unknown}
 r - 3 potions of haste
 t - a potion of curing {unknown}
Comestibles
 d - a bread ration
 j - 2 meat rations
 l - 2 slices of pizza
 w - a beef jerky


   Skills:
 - Level 3.2 Fighting
 + Level 7.2 Long Blades
 - Level 3.2 Armour
 - Level 3.6 Shields


You had 6 spell levels left.
You didn't know any spells.

Dungeon Overview and Level Annotations

Branches:
Dungeon (4/15)
 Temple: D:4-7

Altars:
Kikubaaqudgha
Ru
Yredelemnul

Annotations:
D:4 Eustachio


Innate Abilities, Weirdness & Mutations

You are under a permanent stasis effect.
You can dig through walls and to a lower floor.
Your four strong arms can wield two-handed weapons with a shield.
You have a pair of large antennae on your head (SInv).


Message History

You block the bat's attack. The river rat closely misses you.
The quokka barely misses you. You block the rat's attack.
The quasit barely misses you.
The quasit claws you but does no damage.
The quasit barely misses you.
The shadow imp hits you but does no damage.
You are very lightly contaminated with residual magic.
You closely miss the shadow imp. The bat hits you but does no damage.
You block the quokka's attack. You block the river rat's attack.
The quasit barely misses you.
The quasit claws you but does no damage.
The quasit barely misses you. The rat barely misses you.
The shadow imp hits you.
* * * LOW HITPOINT WARNING * * *
You closely miss the shadow imp. You block the bat's attack.
The quasit bites you but does no damage.
The quasit claws you but does no damage.
You block the quasit's attack. The quokka closely misses you.
The bat completely misses you. The river rat bites you!
You die...

#.# #..# #..##..#
##### #......##
##.....
#......#####.....
###...†.......# .
#...##......##
...
#@.#####.....####
#...###5.#
##.........
#...5@r##
#...#..)...
##..rrb#
##..#####)##
##...## ##..##
##.## ##.##
##..## #.... #.
#..## ##)...
.g........#
#..### ....^K..##
#..# ..##.g.##
#..# #### #..##


You could see Eustachio (invisible), a quasit, a river rat, a shadow imp, a
quokka, a bat and a rat.

Vanquished Creatures
  2 hounds (D:4)
  2 orc wizards (D:3)
  A centaur skeleton (D:4)
  A giant frog skeleton (D:4)
  A hound skeleton (D:4)
  Robin (D:4)
  3 gnolls (D:2)
  6 adders
  2 shadow imps
  4 worms
  2 giant geckos
  4 orcs (D:3)
  A ball python (D:1)
  8 bats
  3 giant cockroaches
  16 goblins
  9 hobgoblins
  3 jackals (D:2)
  10 kobolds
  3 giant newts
  16 rats
98 creatures vanquished.

Notes
Turn   | Place    | Note
--------------------------------------------------------------
     0 | D:1      | Fluffy, the Formicid Fighter, began the quest for the Orb.
     0 | D:1      | Reached XP level 1. HP: 18/18 MP: 1/1
   104 | D:1      | Reached XP level 2. HP: 18/24 MP: 3/3
   689 | D:1      | Reached XP level 3. HP: 26/29 MP: 4/4
  1059 | D:2      | Reached skill level 4 in Long Blades
  1059 | D:2      | Reached XP level 4. HP: 24/35 MP: 5/5
  1631 | D:2      | Reached XP level 5. HP: 35/41 MP: 7/7
  2034 | D:3      | Found a basalt altar of Yredelemnul.
  2050 | D:3      | Reached skill level 5 in Long Blades
  2203 | D:3      | Reached XP level 6. HP: 45/47 MP: 8/8
  2431 | D:3      | Found an ancient bone altar of Kikubaaqudgha.
  2698 | D:3      | Reached skill level 6 in Long Blades
  2927 | D:4      | Found a sacrificial altar of Ru.
  3225 | D:4      | Noticed Robin
  3398 | D:4      | Reached skill level 7 in Long Blades
  3398 | D:4      | Reached XP level 7. HP: 38/52 MP: 9/9
  3401 | D:4      | Killed Robin
  3579 | D:4      | Noticed Eustachio
  3604 | D:4      | Slain by a river rat

Action                   |  1- 3 |  4- 6 |  7- 9 || total
-------------------------+-------+-------+-------++-------
Melee: Long sword        |   131 |   189 |    23 ||   343
  Use: Potion            |       |       |     3 ||     3
 Stab: Paralysed         |       |     1 |       ||     1
  Eat: Chunk             |     1 |     7 |     1 ||     9
